 Dungeon Crawl Stone Soup version 0.29-a0-333-gb4c28e87c6 (webtiles) character file.

Game seed: 14011130016394378516

60 KateM the Firebug (level 3, -1/19 HPs)
             Began as a Deep Elf Fire Elementalist on Apr 13, 2022.
             Slain by a worm (4 damage)
             ... on level 2 of the Dungeon.
             The game lasted 00:04:26 (1919 turns).

KateM the Firebug (Deep Elf Fire Elementalist)      Turns: 1919, Time: 00:04:27

Health: -1/19      AC:  2    Str:  5    XL:     3   Next: 82%
Magic:  6/10       EV: 10    Int: 21    God:
Gold:   64         SH:  0    Dex: 15    Spells: 8/9 levels left

rFire   . . .      SeeInvis .   (no weapon)
rCold   . . .      Faith    .   (no shield)
rNeg    . . .      Spirit   .   k - +0 robe {Will+}
rPois   .          Reflect  .   (no helmet)
rElec   .          Harm     .   (no cloak)
rCorr   +          Rampage  .   (no gloves)
Will    +....                   (no boots)
Stlth   ++........              (no amulet)
HPRegen 0.06/turn               g - ring of resist corrosion
MPRegen 0.12/turn               (no ring)

@: constricted
A: no striking features
a: no special abilities


You were on level 2 of the Dungeon.
You visited 1 branch of the dungeon, and saw 2 of its levels.

You collected 64 gold pieces.

Inventory:

Armour
 k - a +0 robe of willpower (worn)
Jewellery
 g - a ring of resist corrosion (left hand)
Scrolls
 d - 2 scrolls of silence {unknown}
 e - a scroll of enchant armour {unknown}
 f - 2 scrolls of identify {unknown}
 i - a scroll of enchant weapon {unknown}
 j - a scroll of noise {unknown}
Potions
 a - a potion of mutation {unknown}
 b - a potion of magic
 c - 3 potions of curing {unknown}
 h - 2 potions of haste {unknown}


   Skills:
 + Level 3.1 Dodging
 + Level 3.2 Stealth
 + Level 3.6 Spellcasting
 + Level 2.0 Conjurations
 + Level 3.7 Fire Magic


You had 8 spell levels left.
You knew the following spells:

 Your Spells              Type           Power      Damage    Failure   Level
a - Foxfire               Conj/Fire      64%        2x1d7     3%          1

Your spell library contained the following spells:

 Spells                   Type           Power      Damage    Failure   Level
 Scorch                   Fire           38%        2d6       4%          2
 Magic Dart               Conj           48%        1d5       5%          1
 Searing Ray              Conj           24%        2d5       9%          2
 Conjure Flame            Conj/Fire      16%        6-21      11%         3
 Inner Flame              Hex/Fire       11%        N/A       17%         3
 Blink                    Tloc           6%         N/A       19%         2
 Flame Wave               Conj/Fire      16%        2d6       36%         4
 Fulminant Prism          Conj/Hex       4%         3d6       63%         4
 Cause Fear               Hex            1%         N/A       77%         4
 Manifold Assault         Tloc           3%         N/A       98%         5
 Storm Form               Tmut/Air       1%         N/A       100%        7
 Discord                  Hex            1%         N/A       100%        8


Dungeon Overview and Level Annotations

Branches:
Dungeon (2/15)

Altars:
Ru


Message History

You kill the frilled lizard!
A worm comes into view.
You conjure some foxfire!
Your foxfire dissipates!
The foxfire hits the worm.
The worm is moderately wounded.
You conjure some foxfire!
The foxfire hits the ball python!
You kill the ball python!
Your foxfire dissipates!
You conjure some foxfire!
A ball python comes into view.
The foxfire hits the worm.
The worm is heavily wounded.
You conjure some foxfire!
The ball python bites you but does no damage.
The ball python grabs you. The ball python constricts you.
The ball python bites you. The ball python constricts you.
There is not enough space to conjure foxfire!
The ball python barely misses you. The ball python constricts you.
There is not enough space to conjure foxfire!
The ball python bites you. The ball python constricts you.
The ball python barely misses you. The ball python constricts you.
The foxfire hits the worm.
The worm is severely wounded.
You conjure some foxfire!
The ball python bites you. The ball python constricts you.
The foxfire hits the worm.
The worm is severely wounded.
The ball python bites you but does no damage.
The ball python constricts you.
There is not enough space to conjure foxfire!
The ball python closely misses you. The ball python constricts you.
There is not enough space to conjure foxfire!
The ball python barely misses you. The ball python constricts you.
The worm bites you!
* * * LOW HITPOINT WARNING * * *
You are too injured to fight recklessly!
The ball python bites you but does no damage.
The ball python constricts you. The worm bites you.
You die...

##.#####.#####.###
##.# #.#####.#.. #.#
#....##.#.# #.#
#.##.##.#.# #.
#.#####.##.##.#.# #...
#.......##.##.#.##...#
##.###.......v......#
#.....###.####S###.#
#####.# #.# #@#
#######.# #.# #w#
.<<.....# #.# #..
#######.###.####.|=
#.......###...
#.###.#.# .... #.#
#.#.# ..... #.# #.# #
...... #.# #.#


You could see a worm and a ball python.

Vanquished Creatures
  Jessica (D:2)
  5 ball pythons
  5 endoplasms (D:1)
  2 giant cockroaches
  3 hobgoblins
  2 quokkas (D:1)
  2 bats (D:1)
  3 frilled lizards
  2 goblins
  6 kobolds
  A rat (D:1)
32 creatures vanquished.

Vanquished Creatures (collateral kills)
  A foxfire (D:2)
1 creature vanquished.

Vanquished Creatures (others)
  91 foxfires
91 creatures vanquished.

Grand Total: 124 creatures vanquished

Notes
Turn   | Place    | Note
-------+----------+-------------------------------------------
     0 | D:1      | KateM the Deep Elf Fire Elementalist began the quest for
                  | the Orb.
     0 | D:1      | Reached XP level 1. HP: 10/10 MP: 6/6
    91 | D:1      | Found a faded altar of an unknown god.
   278 | D:1      | Reached XP level 2. HP: 15/15 MP: 2/8
  1515 | D:2      | Found a sacrificial altar of Ru.
  1546 | D:2      | Reached XP level 3. HP: 19/19 MP: 5/9
  1576 | D:2      | Noticed Jessica
  1586 | D:2      | Killed Jessica
  1919 | D:2      | Slain by a worm

Illustrated notes

Levels and vault maps discovered:
D:1:      dpeg_arrival_signposts, layout_basic, basic_ecumenical_altar,
          hangedman_glass_teeth, minmay_misc_feat_ornament,
          minmay_parallelograms, st_stairs_12
D:2:      layout_loops_ring, basic_altar, wad_floor_pattern_untrapped,
          uniq_jessica

Skill      XL: |  1  2  3 |
---------------+----------+-----
Dodging        | 3 |  3.1
Stealth        | 3 |  3.2
Conjurations   | 2 |  2.0
Spellcasting   | |  3.6
Fire Magic     | |  3.7

Action                   || total
-------------------------++-------
 Cast: Foxfire           ||    59
Armor: Robe              ||     7
Dodge: Dodged            ||    14

Table legend: (Time is in decaauts)
 A = Elapsed time spent in this place.
 B = Non-inter-level travel time spent in this place.
 C = Inter-level travel time spent in this place.
 D = Time resting spent in this place.
 E = Time spent auto-exploring this place.
 F = Levels seen in this place.
 G = Mean time per level.
                   A        B        C        D        E       F      G
               +--------+--------+--------+--------+--------+-----+--------+
         Total |   1918 |   1918 |      0 |    120 |   1456 |   2 |  959.0 |
       Dungeon |   1918 |   1918 |      0 |    120 |   1456 |   2 |  959.0 |
               +--------+--------+--------+--------+--------+-----+--------+

Top non-repeatable levels by time:
     D:1: 1425 daAuts
     D:2: 493 daAuts
